 Dungeon Crawl Stone Soup version 0.30-a0-881-g1ff12e1e11 (webtiles) character file.

Game seed: 8416517957641561222

1638 jasper the Thaumaturge (level 8, 0/37 HPs)
             Began as a Spriggan Venom Mage on Mar 14, 2023.
             Was an Initiate of Vehumet.
             Slain by a kobold brigand
             ... wielding a +0 short sword
              (3 damage)
             ... on level 8 of the Dungeon.
             The game lasted 00:19:05 (8320 turns).

jasper the Thaumaturge (Spriggan Venom Mage)        Turns: 8320, Time: 00:19:05

Health: 0/37       AC:  3    Str:  4    XL:     8   Next: 66%
Magic:  19/22      EV: 18    Int: 19    God:    Vehumet [......]
Gold:   313        SH:  0    Dex: 15    Spells: 11/26 levels left

rFire   + . .      SeeInvis +    q - +1 hand axe of the Hurting Gods {vamp, rF+}
rCold   . . .      Faith    .    (no shield)
rNeg    . . .      Spirit   .    a - +0 robe
rPois   .          Reflect  .    (helmet restricted)
rElec   .          Rampage  .    x - +0 cloak
rCorr   .                        (gloves unavailable)
Will    +....                    (boots unavailable)
Stlth   +++                      l - amulet of regeneration
HPRegen 1.06/turn                (no ring)
MPRegen 0.18/turn                (no ring)

@: lethally poisoned (0 -> -1), slowed, quick
A: very small, no large weapons, unfitting armour, see invisible, speed 3
a: Renounce Religion


You were on level 8 of the Dungeon.
You worshipped Vehumet.
Vehumet was noncommittal.
You visited 2 branches of the dungeon, and saw 9 of its levels.

You collected 313 gold pieces.

Inventory:

Hand Weapons
 g - a +0 dagger of protection
 j - a +1 dagger of speed
 q - the +1 hand axe of the Hurting Gods (weapon) {vamp, rF+}
   (You found it on level 3 of the Dungeon)

   rF:        It protects you from fire.
Missiles
 e - 6 boomerangs
 r - 2 throwing nets
Armour
 a - a +0 robe (worn)
 x - a +0 cloak (worn)
Jewellery
 l - an amulet of regeneration (around neck)
Wands
 n - a wand of iceblast (9)
 w - a wand of acid (7)
 z - a wand of polymorph (7)
Scrolls
 f - 2 scrolls of identify
 i - 2 scrolls of immolation
 o - 3 scrolls of amnesia
 p - 3 scrolls of fog
 t - a scroll of blinking {unknown}
 u - a scroll of silence {unknown}
 v - 2 scrolls of teleportation {unknown}
 y - a scroll of brand weapon
Potions
 b - a potion of magic
 c - 3 potions of ambrosia
 d - a potion of lignification
 h - a potion of heal wounds {unknown}
 k - a potion of curing
 m - 2 potions of attraction
 s - a potion of resistance


   Skills:
 + Level 1.4 Fighting
 + Level 4.0 Dodging
 + Level 4.6 Stealth
 * Level 9.7 Spellcasting
 - Level 1.0 Conjurations
 - Level 2.6 Hexes
 - Level 1.8 Translocations
 - Level 1.3 Transmutations
 - Level 1.3 Air Magic
 - Level 6.1 Poison Magic


You had 11 spell levels left.
You knew the following spells:

 Your Spells              Type           Power      Damage    Failure   Level
a - Sting                 Tmut/Pois      92%        1d7       1%          1
b - Poisonous Vapours     Pois/Air       46%        N/A       2%          2
c - Tukima's Dance        Hex            19%        N/A       8%          3
d - Olgreb's Toxic Radia  Pois           32%        N/A       6%          4
e - Mephitic Cloud        Conj/Pois/Air  20%        N/A       7%          3
f - Blink                 Tloc           32%        N/A       5%          2

Your spell library contained the following spells:

 Spells                   Type           Power      Damage    Failure   Level
 Lesser Beckoning         Tloc           32%        N/A       5%          2
 Momentum Strike          Conj/Tloc      28%        3d8       6%          2
 Portal Projectile        Hex/Tloc       34%        N/A       9%          3
 Blade Hands              Tmut           7%         N/A       77%         5


Dungeon Overview and Level Annotations

Branches:
Dungeon (8/15)             Temple (1/1) D:5            Lair (0/5) D:8

Altars:
Ashenzari
Cheibriados
Dithmenos
Elyvilon
Fedhas
Gozag
Hepliaklqana
Kikubaaqudgha
Makhleb
Nemelex Xobeh
Okawaru
Qazlal
Ru
Sif Muna
Trog
Uskayaw
Vehumet
Wu Jian
Xom
Yredelemnul
Zin
The Shining One

Shops:
D:7 :

Portals:
Ossuary: D:7

Annotations:
D:5 exclusion: ice beast
D:8 exclusion: wight


Innate Abilities, Weirdness & Mutations

You are very small and have problems with some larger weapons.
You are too small for most types of armour.
You have supernaturally acute eyesight. (SInv)
You cover ground extremely quickly. (Speed+++)


Message History

Casting: Poisonous Vapours (safe; 2% risk of failure)
Confirm with . or Enter, or press ? or * to list all spells.
The spell is quite dangerous to miscast (6% risk of failure)!
Continue anyway?
You begin to radiate toxic energy.
The kobold brigand shouts!
The kobold brigand is poisoned.
The kobold is poisoned.
The kobold brigand looks even sicker.
You kill the kobold!
Vehumet accepts your kill.
The kobold brigand throws a curare-tipped dart.
The curare-tipped dart completely misses you.
You now have 18/22 mp.
The kobold brigand throws a curare-tipped dart.
The curare-tipped dart hits you.
You are poisoned.
You have difficulty breathing.
You feel yourself slow down.
You take 6 damage, and have 31/37 hp.
You feel very sick.
You take 4 damage, and have 27/37 hp.
Found a potion of lignification.
The kobold brigand looks even sicker.
Your toxic aura wanes.
You feel very sick.
The kobold brigand hits you with a +0 short sword!
You take 11 damage, and have 16/37 hp.
MASSIVE DAMAGE!!
You feel very sick.
The kobold brigand hits you with a +0 short sword.
You take 4 damage, and have 12/37 hp.
You hit the kobold brigand but do no damage.
The kobold brigand is heavily wounded.
You feel very sick.
The kobold brigand hits you with a +0 short sword.
* * * LOW HITPOINT WARNING * * *
You take 5 damage, and have 7/37 hp.
You hit the kobold brigand but do no damage.
The kobold brigand is heavily wounded.
You feel very sick.
The kobold brigand hits you with a +0 short sword.
* * * LOW HITPOINT WARNING * * *
The kobold brigand hits you with a +0 short sword.
You die...

##.# #.######.
#..# #........ .#
#.># #.#######
....###..# #.#
#.......#######.#
#..........#
##.##########
##.###...######
.....)K@...!...
..........####.
##.##..)..# #
##...## #####


You could see a kobold brigand (very poisoned).

Vanquished Creatures
  Sigmund (D:2)
  An ice beast (D:6)
  A sky beast (D:6)
  An ogre (D:5)
  A phantom (D:6)
  A kobold brigand (D:8)
  2 bullfrogs (D:6)
  A necrophage (D:4)
  2 howler monkeys (D:7)
  2 jellies
  An orc priest (D:5)
  6 hounds
  A gnoll bouda (D:5)
  Crazy Yiuf (D:5)
  4 iguanas
  Ijyb (D:5)
  Natasha (thrice) (D:3)
  A hound skeleton (D:4)
  A mummy (D:7)
  7 gnolls
  8 adders
  2 white imps
  2 ufetubi
  A dart slug (D:2)
  13 orcs
  9 bats
  5 endoplasms
  2 giant cockroaches
  7 goblins
  5 hobgoblins
  3 jackals (D:5)
  13 kobolds
  7 quokkas
  7 ball pythons
  2 frilled lizards (D:2)
  3 rats
128 creatures vanquished.

Vanquished Creatures (others)
  5 fungi (D:4)
5 creatures vanquished.

Grand Total: 133 creatures vanquished

Notes
Turn   | Place    | Note
-------+----------+-------------------------------------------
     0 | D:1      | jasper the Spriggan Venom Mage began the quest for the Orb.
     0 | D:1      | Reached XP level 1. HP: 9/9 MP: 5/5
   188 | D:1      | Reached XP level 2. HP: 13/13 MP: 2/6
   467 | D:1      | Learned a level 2 spell: Poisonous Vapours
  1371 | D:2      | Reached skill level 3 in Spellcasting
  1421 | D:2      | Reached XP level 3. HP: 17/17 MP: 3/8
  1425 | D:2      | Learned a level 3 spell: Tukima's Dance
  1799 | D:2      | Reached skill level 1 in Fighting
  1866 | D:2      | Reached XP level 4. HP: 22/22 MP: 1/9
  2114 | D:2      | Found a white marble altar of Elyvilon.
  2279 | D:2      | Noticed Sigmund
  2311 | D:2      | Killed Sigmund
  2312 | D:2      | Reached skill level 5 in Spellcasting
  2312 | D:2      | Reached XP level 5. HP: 25/25 MP: 7/14
  2317 | D:2      | Learned a level 4 spell: Olgreb's Toxic Radiance
  2321 | D:2      | Learned a level 3 spell: Mephitic Cloud
  2871 | D:3      | Reached skill level 6 in Spellcasting
  2924 | D:3      | Found a shadowy altar of Dithmenos.
  3048 | D:3      | Reached XP level 6. HP: 29/30 MP: 11/16
  3189 | D:3      | Found a hide-covered altar of Uskayaw.
  3233 | D:3      | Noticed Natasha
  3240 | D:3      | Killed Natasha
  3391 | D:3      | Found a bloodstained altar of Trog.
  3602 | D:3      | Noticed Natasha
  3617 | D:3      | Killed Natasha
  3770 | D:3      | Noticed Natasha
  3777 | D:3      | Killed Natasha
  3904 | D:3      | Identified the +1 hand axe of the Hurting Gods {vamp, rF+}
  4570 | D:4      | Reached skill level 5 in Poison Magic
  4905 | D:4      | Reached XP level 7. HP: 33/33 MP: 18/18
  4931 | D:4      | Learned a level 2 spell: Blink
  4950 | D:4      | Found a burning altar of Makhleb.
  5177 | D:5      | Entered Level 5 of the Dungeon
  5256 | D:5      | Reached skill level 7 in Spellcasting
  6193 | D:5      | Found a staircase to the Ecumenical Temple.
  6202 | Temple   | Entered the Ecumenical Temple
  6466 | D:5      | Noticed Ijyb
  6488 | D:5      | Killed Ijyb
  6702 | D:5      | Reached skill level 1 in Air Magic
  6759 | D:5      | Found a runed translucent door.
  6760 | D:5      | Noticed Crazy Yiuf
  6917 | D:5      | Killed Crazy Yiuf
  6952 | D:5      | Identified the +8 hammer "Teik" {flame, rC+ Str+3}
  7310 | D:6      | Reached skill level 1 in Conjurations
  7347 | D:6      | Reached skill level 8 in Spellcasting
  7347 | D:6      | Reached skill level 1 in Hexes
  7347 | D:6      | Reached XP level 8. HP: 37/37 MP: 5/21
  7518 | D:6      | Found a radiant altar of Vehumet.
  7547 | D:6      | Became a worshipper of Vehumet
  7789 | D:6      | Reached skill level 9 in Spellcasting
  7925 | D:6      | Reached skill level 1 in Translocations
  8026 | D:7      | Found Zuyfat's Book Shop.
  8082 | D:7      | Found a sand-covered staircase.
  8285 | D:8      | Found a staircase to the Lair.
  8320 | D:8      | Slain by a kobold brigand

Illustrated notes

Levels and vault maps discovered:
D:1:      minmay_arrival_diagonal_passages, layout_basic, serial_bayou_pond_b,
          st_stairs_9
D:2:      layout_basic, basic_altar, uniq_sigmund
D:3:      layout_basic, bloody_trog, mainiacjoe_overflow_small_starburst,
          mainiacjoe_overflow_cross_hatched, kennysheep_big_empty_room,
          hex_medium, chequers_serial_rivers_small_b, moated_statue,
          minmay_liquid_box, uniq_natasha
D:4:      layout_basic, makhleb_blood_cavern_becter, dreamdust_gnoll_farm
D:5:      layout_loops_corners, minmay_temple_entry_gardened_gates, uniq_ijyb,
          uniq_crazy_yiuf_cottage
D:6:      layout_cave_pods, mainiacjoe_overflow_24_doors, minmay_manual_mess
D:7:      layout_cave_pods, nicolae_elyvilon_temple_path, serial_shops,
          nicolae_stop_n_shop_1, nicolae_ossuary_entry_giza,
          gammafunk_ghost_cemetery, kennysheep_generic_room_8
D:8:      layout_loops_ring, lair_entry_dummy, corexii_checkpoint_a
Temple:   kb_temple_of_zot

Skill      XL: |  1  2  3  4  5  6  7  8 |
---------------+-------------------------+-----
Dodging        | 3 4 |  4.0
Spellcasting   | 3 5 6 8 9 |  9.7
Fighting       | 1 |  1.4
Stealth        | 4 |  4.6
Poison Magic   | 5 6 |  6.1
Air Magic      | 1 |  1.3
Conjurations   | 1 |  1.0
Hexes          | 1 2 |  2.6
Translocations | 1 |  1.8
Transmutations | |  1.3

Action                     |  1- 3 |  4- 6 |  7- 9 || total
---------------------------+-------+-------+-------++-------
  Melee: Dagger            |       |     7 |       ||     7
         Hand axe          |       |    11 |    49 ||    60
         Unarmed           |       |       |    12 ||    12
   Cast: Sting             |    41 |    30 |    39 ||   110
         Poisonous Vapours |    30 |    56 |    51 ||   137
         Olgreb's Toxic Ra |       |     4 |    13 ||    17
         Mephitic Cloud    |       |       |     1 ||     1
  Evoke: Wand              |       |       |     6 ||     6
    Use: Scroll            |     2 |     7 |       ||     9
         Potion            |       |       |     4 ||     4
   Stab: Sleeping          |       |       |     1 ||     1
 Armour: Robe              |     2 |     4 |     7 ||    13
         Skin              |       |       |    15 ||    15
  Dodge: Dodged            |    21 |    45 |    68 ||   134

Table legend: (Time is in decaauts)
 A = Elapsed time spent in this place.
 B = Non-inter-level travel time spent in this place.
 C = Inter-level travel time spent in this place.
 D = Time resting spent in this place.
 E = Time spent auto-exploring this place.
 F = Levels seen in this place.
 G = Mean time per level.
                   A        B        C        D        E       F      G
               +--------+--------+--------+--------+--------+-----+--------+
         Total |   6540 |   6373 |    167 |    683 |   4525 |   9 |  726.7 |
       Dungeon |   6468 |   6310 |    158 |    683 |   4470 |   8 |  808.5 |
        Temple |     72 |     63 |      9 |      0 |     55 |   1 |   72.0 |
               +--------+--------+--------+--------+--------+-----+--------+

Top non-repeatable levels by time:
     D:5: 1358 daAuts
     D:2: 1301 daAuts
     D:4: 1053 daAuts
     D:1: 1016 daAuts
     D:3: 871 daAuts
     D:6: 631 daAuts
     D:8: 139 daAuts
     D:7: 95 daAuts
  Temple: 72 daAuts
